 Dungeon Crawl Stone Soup version 0.29-a0-565-g7a16c6de65 (webtiles) character file.

Game seed: 5479394544806496928

95 Lekart the Skirmisher (level 4, 0/40 HPs)
             Began as a Draconian Fighter on June 12, 2022.
             Slain by a hound (1 damage)
             ... on level 3 of the Dungeon.
             The game lasted 00:01:06 (1110 turns).

Lekart the Skirmisher (Draconian Fighter)           Turns: 1110, Time: 00:01:07

Health: 0/40       AC:  5    Str: 21    XL:     4   Next: 40%
Magic:  4/4        EV: 12    Int:  8    God:
Gold:   49         SH:  4    Dex: 10    Spells: 3/3 levels left

rFire   + . .      SeeInvis .   a - +0 war axe
rCold   + . .      Faith    .   b - +0 buckler
rNeg    . . .      Spirit   .   (body armour unavailable)
rPois   .          Reflect  .   (helmet restricted)
rElec   .          Harm     .   f - scarf {rC+ rF+}
rCorr   .          Rampage  .   (no gloves)
Will    .....                   (no boots)
Stlth   +.........              (no amulet)
HPRegen 0.13/turn               (no ring)
MPRegen 0.09/turn               (no ring)

@: mighty
A: AC +5, unfitting armour, cold-blooded
a: no special abilities


You were on level 3 of the Dungeon.
You visited 1 branch of the dungeon, and saw 4 of its levels.

You collected 49 gold pieces.

Inventory:

Hand Weapons
 a - a +0 war axe (weapon)
Missiles
 i - 3 throwing nets (quivered)
Armour
 b - a +0 buckler (worn)
 f - a scarf of resistance (worn)
Scrolls
 d - 2 scrolls of brand weapon {unknown}
 e - a scroll of vulnerability {unknown}
 j - a scroll of enchant armour {unknown}
 k - a scroll of identify {unknown}
 l - a scroll of enchant weapon {unknown}
 m - a scroll of teleportation {unknown}
 n - a scroll of noise {unknown}
Potions
 g - a potion of degeneration {unknown}
 h - a potion of haste {unknown}


   Skills:
 + Level 4.1 Fighting
 + Level 2.6 Axes
 + Level 3.3 Dodging
 + Level 3.7 Shields


You had 3 spell levels left.
You didn't know any spells.
Your spell library was empty.

Dungeon Overview and Level Annotations

Branches:
Dungeon (4/15)
 Temple: D:4-7

Altars:


Innate Abilities, Weirdness & Mutations

Your plain brown scales are hard. (AC +5)
You cannot fit into any form of body armour.
You are cold-blooded and may be slowed by cold attacks.


Message History

The orc priest begins to cast a cantrip, but forgets the words!
You completely miss the orc.
The hound barks!
You hit the goblin.
You kill the goblin!
The orc hits you with a +0 mace. The orc hits you but does no damage.
The orc barely misses you.
You slash the orc priest! You tail-slap the orc priest.
The orc priest is almost dead.
You hit the orc but do no damage. You block the orc's attack.
The orc priest mumbles some strange prayers to Beogh against you.
Beogh smites you! The orc misses you.
You hit the orc priest.
The orc priest is almost dead.
You slash the orc!
You kill the orc!
The orc hits you but does no damage.
The orc priest calls down the wrath of Beogh upon you.
Beogh smites you!
* * * LOW HITPOINT WARNING * * *
The hound bites you.
* * * LOW HITPOINT WARNING * * *
The orc barely misses you. The orc priest barely misses you.
You are too injured to fight recklessly!
You feel very mighty all of a sudden. The hound barely misses you.
The orc hits you from afar with a +0 trident.
* * * LOW HITPOINT WARNING * * *
The hound bites you but does no damage. The orc priest barely misses you.
The orc barely misses you.
You barely miss the orc priest. You tail-slap the orc priest.
You kill the orc priest!
You miss the hound. You slash the orc!
You kill the orc!
The hound misses you. The orc closely misses you. The hound barely misses you.
You have reached level 4!
You feel stronger.
Okay, then.
The hound attacks as you move away! The hound bites you.
You die...

#.#####.##########
#.....#....†.....#
#.....#..........####
#..>.................
#.....##.........###
#.....##.........#
#.....##......$..#
#.....##.?.......#
###.#.##.....@...#
....##....)h####
#...##....)o#
#......# #......#
......... ##......#
#......# #......#


You could see a hound and an orc.

Vanquished Creatures
  A jelly (D:4)
  An orc priest (D:3)
  2 gnolls (D:1)
  2 orcs (D:3)
  An endoplasm (D:1)
  A giant cockroach (D:1)
  A goblin (D:3)
  2 hobgoblins
  3 quokkas (D:1)
  A frilled lizard (D:1)
  2 rats
17 creatures vanquished.

Notes
Turn   | Place    | Note
-------+----------+-------------------------------------------
     0 | D:1      | Lekart the Draconian Fighter began the quest for the Orb.
     0 | D:1      | Reached XP level 1. HP: 19/19 MP: 1/1
    90 | D:1      | Reached XP level 2. HP: 21/26 MP: 2/2
   690 | D:1      | Reached XP level 3. HP: 31/33 MP: 3/3
   824 | D:2      | You fall into a shaft and drop 2 floors!
   834 | D:4      | Reached skill level 4 in Fighting
  1107 | D:3      | HP: 1/33 [orc/+0 trident (2)]
  1109 | D:3      | Reached XP level 4. HP: 1/40 MP: 4/4
  1110 | D:3      | Slain by a hound

Illustrated notes

Levels and vault maps discovered:
D:1:      matt_arrival_spirals, layout_rooms, grunt_decor_resistance,
          dreamdust_princess_bridge
D:2:      layout_loops_ring, minmay_close_crescents
D:3:      layout_basic, nicolae_ecumenical_pavilion, uniq_sigmund
D:4:      layout_basic, nicolae_overflow_hidden_temple, gammafunk_ghost_smash,
          roderic_roman_lattice, uniq_edmund, uniq_crazy_yiuf_cottage,
          uniq_duvessa

Skill      XL: |  1  2  3 |
---------------+----------+-----
Dodging        | 3 |  3.3
Fighting       | 4 |  4.1
Axes           | |  2.6
Shields        | |  3.7

Action                   |  1- 3 |  4- 6 || total
-------------------------+-------+-------++-------
Melee: War axe           |    40 |       ||    40
       Tailslap          |     6 |       ||     6
  Use: Potion            |     1 |       ||     1
Armor: Skin              |    11 |       ||    11
Dodge: Dodged            |    24 |       ||    24
Block: Buckler           |    13 |       ||    13

Table legend: (Time is in decaauts)
 A = Elapsed time spent in this place.
 B = Non-inter-level travel time spent in this place.
 C = Inter-level travel time spent in this place.
 D = Time resting spent in this place.
 E = Time spent auto-exploring this place.
 F = Levels seen in this place.
 G = Mean time per level.
                   A        B        C        D        E       F      G
               +--------+--------+--------+--------+--------+-----+--------+
         Total |   1126 |   1090 |     36 |      0 |    939 |   4 |  281.5 |
       Dungeon |   1126 |   1090 |     36 |      0 |    939 |   4 |  281.5 |
               +--------+--------+--------+--------+--------+-----+--------+

Top non-repeatable levels by time:
     D:1: 792 daAuts
     D:4: 251 daAuts
     D:2: 43 daAuts
     D:3: 39 daAuts
